Map: Central Protocol

Players

Ohbiee - Winner!

  • Race: Terran Terran
  • League: Diamond

LindyHop

  • Race: Zerg Zerg
  • League: Platinum

VOD

Have the link to the VOD?

Description

Time

  • Played on: Jan. 16, 2016, 9:46 p.m.
  • Length: 10:05
Show
View Real Time Build Order
Export as new Build Order

Ohbiee Terran - Winner!

Build Orders: Reaper Expand 

Get SALT Encoding   

  12  0:01  SCV  
  13  0:13  SCV  
  14  0:18  Supply Depot  
  14  0:25  SCV  
  15  0:39  SCV  
  15  0:41  Barracks  
  16  0:46  Refinery  
  16  0:51  SCV  
  17  1:04  SCV  
  18  1:16  SCV  
  19  1:28  Orbital Command  
  19  1:30  Reaper  
  20  1:46  Command Center  
  20  1:56  SCV  
  21  2:01  Marine  
  22  2:10  SCV  
  22  2:14  Refinery  
  22  2:15  Supply Depot  
  23  2:21  Factory  
  22  2:24  Barracks Reactor  
  22  2:38  Engineering Bay  
  22  2:53  SCV  
  23  3:02  SCV  
  23  3:05  SCV  
  25  3:14  Orbital Command  
  25  3:17  Hellion x2  
  29  3:20  Armory  
  29  3:21  Marine  
  29  3:26  SCV  
  31  3:29  Starport  
  31  3:38  SCV  
  31  3:39  Marine  
  33  3:43  SCV  
  33  3:45  Hellion x2  
  38  3:51  SCV  
  39  3:56  SCV  
  39  3:57  Supply Depot, Marine  
  41  4:05  Medivac  
  41  4:07  Hellion  
  41  4:08  SCV  
  46  4:15  Supply Depot  
  46  4:19  Hellion  
  48  4:27  Liberator, Marine  
  49  4:44  Marine  
  53  4:56  Hellion x2  
  57  5:02  Marine  
  56  5:20  Marine  
  43  5:38  Marine  
  44  5:51  Command Center  
  44  5:52  Liberator  
  44  5:53  Command Center  
  44  5:54  Barracks, Liberator  
  44  5:55  Factory Tech Lab  
  44  5:56  Barracks, Marine  
  43  5:57  Barracks  
  43  6:00  SCV  
  44  6:06  SCV  
  44  6:08  Refinery  
  44  6:09  Refinery  
  51  6:12  SCV  
  51  6:13  Marine  
  53  6:19  SCV  
  53  6:23  Hellion  
  56  6:27  SCV  
  56  6:31  Marine  
  56  6:32  SCV  
  59  6:39  SCV  
  60  6:44  SCV  
  60  6:45  Liberator  
  60  6:46  Barracks Tech Lab  
  61  6:48  Barracks Reactor  
  61  6:49  Marine  
  62  6:56  Barracks Reactor  
  62  7:02  SCV x2  
  62  7:07  Marine  
  68  7:14  SCV x2  
  67  7:27  Marine  
  67  7:28  Marauder, Marine  
  67  7:29  Siege Tank, Marine  
  75  7:35  Terran Vehicle Weapons Level 1  
  75  7:41  SCV  
  75  7:42  SCV  
  75  7:43  Marine x2  
  79  7:49  Marauder  
  81  7:57  SCV  
  82  7:59  Marine  
  82  8:01  Barracks Reactor  
  82  8:03  Marine x3  
  86  8:07  Medivac  
  86  8:11  Marauder  
  90  8:21  SCV x2  
  92  8:27  Orbital Command  
  92  8:35  Supply Depot  
  92  8:36  Supply Depot x2, Orbital Command  
  92  8:56  Marine x4  
  92  8:57  Reaper, Marauder  
  92  8:59  Marine  
  100  9:05  Missile Turret x2  
  100  9:11  Missile Turret  
  100  9:13  Missile Turret x2  
  100  9:14  Missile Turret, Marine x2  
  100  9:15  SCV  
  100  9:16  SCV x2  
  105  9:18  Marauder, Missile Turret, Marine x3  
  105  9:19  Siege Tank, Missile Turret  
  105  9:23  SCV  
  114  9:27  SCV  
  114  9:28  SCV  
  116  9:32  Supply Depot  
  116  9:33  Supply Depot  
  116  9:38  Missile Turret  
  116  9:51  SCV  
  116  10:03  Missile Turret  
  116  10:04  Supply Depot  
  116  10:05  Supply Depot  
Show
View Real Time Build Order
Export as new Build Order

LindyHop Zerg 

Build Orders: Hatch First 

Get SALT Encoding   

  12  0:01  Drone  
  13  0:12  Overlord  
  13  0:21  Drone  
  14  0:30  Drone x2  
  14  0:34  Drone  
  17  0:57  Drone  
  17  0:58  Hatchery  
  17  1:03  Drone  
  18  1:06  Drone  
  18  1:07  Extractor  
  18  1:17  Drone  
  19  1:23  Spawning Pool  
  18  1:27  Drone  
  19  1:43  Drone  
  20  1:53  Drone  
  21  2:00  Overlord  
  21  2:12  Queen  
  21  2:13  Queen  
  25  2:17  Metabolic Boost  
  25  2:21  Drone x2  
  27  2:22  Evolution Chamber  
  27  2:24  Drone  
  27  2:29  Drone  
  27  2:48  Zergling x6  
  28  2:56  Zergling x2  
  29  3:11  Zerg Ground Armor Level 1  
  28  3:16  Overlord  
  28  3:26  Drone  
  28  3:27  Drone x3  
  32  3:38  Zergling x8  
  36  3:53  Zergling x2  
  36  3:54  Drone x2, Zergling x2  
  36  3:55  Drone  
  41  4:00  Drone  
  42  4:07  Drone x2  
  44  4:25  Spine Crawler, Queen  
  44  4:26  Spine Crawler  
  44  4:29  Roach Warren  
  43  4:38  Drone  
  43  4:39  Overlord x2  
  44  4:47  Spine Crawler  
  42  5:08  Roach  
  42  5:09  Roach x7  
  58  5:19  Roach  
  57  5:23  Roach  
  57  5:24  Roach x2  
  59  5:29  Roach  
  58  5:38  Roach  
  60  5:57  Lair  
  60  6:00  Extractor  
  59  6:08  Drone  
  59  6:10  Overlord x3  
  60  6:20  Hatchery  
  60  6:22  Queen  
  60  6:25  Extractor  
  58  6:29  Extractor  
  57  6:36  Spore Crawler  
  57  6:39  Drone x6  
  57  6:54  Drone x4  
  61  7:12  Drone x3  
  64  7:24  Spire  
  64  7:27  Spore Crawler  
  62  7:38  Drone x6  
  62  7:43  Drone  
  56  8:06  Spore Crawler  
  55  8:25  Drone x3  
  55  8:26  Drone  
  59  8:34  Spore Crawler  
  59  8:35  Drone x5  
  59  8:36  Drone x3  
  59  8:38  Extractor  
  59  8:39  Extractor  
  64  8:49  Spine Crawler  
  64  8:51  Drone  
  64  8:52  Drone x3  
  64  8:53  Spore Crawler  
  66  9:09  Spore Crawler  
  65  9:10  Spine Crawler  
  65  9:14  Spore Crawler  
  65  9:15  Drone x4  
  67  9:33  Mutalisk x5  
  67  9:37  Zergling x4  
Tags
 
Add a new tag
Caveats
  • Supply blocks, unpowered buildings, or Contaminate may cause inaccurate times.
  • Supply counts are checked every 10 seconds.